 Dungeon Crawl Stone Soup version 0.31-a0-246-g8cbcc1cb85 (webtiles) character file.

Game seed: 4440154375846488631

3745 freelancePsychic the Covert (level 10, -4/71 HPs)
             Began as an Octopode Shapeshifter on July 12, 2023.
             Was an Initiate of Gozag.
             Shot with an arrow by a centaur (5 damage)
             ... on level 8 of the Dungeon.
             The game lasted 00:12:34 (7604 turns).

freelancePsychic the Covert (Octopode Shapeshifter) Turns: 7604, Time: 00:12:34

Health: -4/71      AC:  1    Str: 15    XL:     10   Next: 15%
Magic:  10/10      EV: 16    Int: 10    God:    Gozag
Gold:   346        SH:  5    Dex: 23    Spells: 9/9 levels left

rFire   . . .        a - +1 dagger (drain)
rCold   . . .        (no shield)
rNeg    . . .        (helmet currently unavailable)
rPois   .            j - amulet of reflection
rElec   .            g - +4 ring of protection
rCorr   .            n - +6 ring of dexterity
SInv    .            (no ring)
Will    .....        (no ring)
Stlth   ++++++       (no ring)
HPRegen 0.31/turn    (no ring)
MPRegen 0.12/turn    (no ring)
                     (no ring)

%: reflection
@: beast-form, corroded, gold aura
A: beast (slay +4), almost no armour, amphibious, 8 rings, camouflage 1,
gelatinous body 1, (nimble swimmer 1), tentacles
a: Renounce Religion, Potion Petition, Call Merchant, Bribe Branch


You were on level 8 of the Dungeon.
You worshipped Gozag.
Gozag was aware of your devotion.
You were a hulking beast.
You visited 2 branches of the dungeon, and saw 9 of its levels.

You collected 1050 gold pieces.
You spent 81 gold pieces at shops.
You paid 623 gold pieces to Gozag.

Inventory:

Hand Weapons
 a - a +1 dagger of draining (weapon)
 b - a +0 sling
Missiles
 h - 16 poisoned darts (quivered)
 E - 2 curare-tipped darts
Armour
 x - the +3 kite shield of Hedging {rPois SInv}
   (You found it on level 5 of the Dungeon)

   rPois:     It protects you from poison.
   SInv:      It lets you see invisible.
Jewellery
 g - a +4 ring of protection (left tentacle)
 j - an amulet of reflection (around mantle)
 m - a ring of wizardry
 n - a +6 ring of dexterity (right tentacle)
 r - a ring of wizardry
 t - a ring of ice
 B - an amulet of regeneration
Talismans
 p - a beast talisman
Wands
 G - a wand of charming (12)
Scrolls
 k - a scroll of immolation
 o - 4 scrolls of blinking
 s - 2 scrolls of fog
 u - a scroll of enchant armour
 y - 2 scrolls of poison
 z - a scroll of teleportation {@r4}
 D - a scroll of noise
Potions
 c - 2 potions of heal wounds {@q2}
 d - a potion of enlightenment
 e - 4 potions of attraction {unknown}
 f - 3 potions of curing {unknown}
 i - 2 potions of lignification
 l - 3 potions of brilliance
 q - a potion of ambrosia
 v - a potion of cancellation {unknown}
 w - 2 potions of invisibility {unknown}
 A - a potion of might {unknown}
 C - a potion of magic {unknown}
 F - 2 potions of resistance {unknown}


   Skills:
 + Level 7.2 Fighting
 - Level 6.0 Short Blades
 - Level 0.2 Ranged Weapons
 + Level 4.2 Dodging
 - Level 10.0 Stealth
 - Level 2.1 Unarmed Combat
 + Level 6.8 Shapeshifting


You had 9 spell levels left.
You didn't know any spells.
Your spell library contained the following spells:

 Spells                   Type           Power      Damage    Failure   Level
 Kiss of Death            Conj/Necr      0%         2d5       36%         1
 Summon Small Mammal      Summ           0%         N/A       36%         1
 Call Canine Familiar     Summ           0%         N/A       75%         3
 Confusing Touch          Hex            0%         N/A       75%         3
 Inner Flame              Hex/Fire       0%         N/A       75%         3
 Portal Projectile        Hex/Tloc       0%         N/A       75%         3
 Summon Guardian Golem    Hex/Summ       0%         N/A       75%         3
 Tukima's Dance           Hex            0%         N/A       75%         3
 Dispel Undead            Necr           0%         3d6       98%         4
 Flame Wave               Conj/Fire      0%         2d4       98%         4
 Iskenderun's Mystic Bla  Conj/Tloc      0%         2d3       98%         4
 Sticky Flame             Conj/Fire      0%         2d3       98%         4
 Orb of Destruction       Conj           0%         9d5       100%        7
 Spellforged Servitor     Conj/Summ      0%         N/A       100%        7


Dungeon Overview and Level Annotations

Branches:
Dungeon (8/15)             Temple (1/1) D:4
   Lair: D:8-11

Altars:
Ashenzari
Cheibriados
Dithmenos
Elyvilon
Fedhas
Gozag
Hepliaklqana
Kikubaaqudgha
Makhleb
Nemelex Xobeh
Okawaru
Qazlal
Ru
Sif Muna
Trog
Uskayaw
Vehumet
Wu Jian
Xom
Yredelemnul
Zin
The Shining One

Shops:
D:4 *   D:7 *

Annotations:
D:3 Sigmund
D:8 exclusions: centaur and 1 more exclusion


Innate Abilities, Weirdness & Mutations

You are a hulking beast.
Your limbs bulge with bestial killing power. (Slay +4)
You cannot wear most types of armour.
You are amphibious.
You can wear up to eight rings at the same time.
Your skin changes colour to match your surroundings (Stealth+).
Your rubbery body absorbs attacks. (AC +1, EV +1)
((You are camouflaged when in or above water. (Stealth+)))
You have tentacles for arms and can constrict up to eight enemies at once.


Message History

The centaur wields a +0 orcbow.
The centaur shoots an arrow.
The arrow barely misses you.
The centaur shoots an arrow.
The arrow barely misses you.
The centaur shoots an arrow.
You block the arrow with an invisible shield... and reflect it back!
The arrow hits the centaur!
The jelly quivers.
The centaur shoots an arrow.
You block the arrow with an invisible shield... and reflect it back!
The arrow barely misses the centaur.
The centaur shoots an arrow.
The arrow hits you! You block the jelly's attack.
You hear a shout!
You puncture the jelly! You drain the jelly. The acid corrodes you!
Your tentacles burn!
You squeeze the jelly, but do no damage.
The jelly is almost dead.
The centaur shoots an arrow.
The arrow hits you!
The centaur shoots an arrow.
The arrow misses you. The jelly hits you but does no damage.
The centaur wields a +0 shortbow.
The centaur shoots an arrow.
The arrow hits you!
You are too injured to fight recklessly!
You are too injured to fight recklessly!
You hit the jelly.
You kill the jelly!
The centaur shoots an arrow.
The arrow misses you.
The centaur shoots an arrow.
You block the arrow with an invisible shield... and reflect it back!
The arrow hits the centaur!
You kill the centaur!
The centaur shoots an arrow.
The arrow hits you!
The centaur shoots an arrow.
The arrow completely misses you.
You hear a shout!
The centaur shoots an arrow.
The arrow hits you!
* * * LOW HITPOINT WARNING * * *
As you read the scroll of fog, it dissolves into smoke.
The centaur wields a +0 shortbow.
The centaur shoots an arrow.
The arrow misses you.
The centaur shoots an arrow.
The arrow hits you!
* * * LOW HITPOINT WARNING * * *
The centaur shoots an arrow.
The arrow barely misses you.
The centaur shoots an arrow.
The arrow hits you.
You die...
Your body crumbles into a pile of gold.

≈≈≈ ≈cc# ##...≈≈≈##
≈≈≈ #..c.≈≈≈≈# ≈≈≈
#'#$c.≈≈≈≈≈## ≈≈≈
...c...≈≈≈≈≈.#
≈≈≈≈≈≈......≈≈≈≈≈≈.#
≈≈≈≈≈≈≈≈..≈≈≈≈≈≈≈≈.#
≈≈≈≈≈≈≈≈≈≈≈≈≈≈≈≈$#§#
≈≈≈≈≈≈≈≈≈≈≈≈≈≈§§§§§#
..#≈≈≈≈≈≈≈≈....§h###
....≈≈≈≈.......§§#
..# #.........§..#
..###............#
..##..#..........#
..##..#..........#
......##........##
...####.........##
..##.............#


You could see 3 centaurs.

Vanquished Creatures
  Pikel (D:6)
  Grinder (D:4)
  2 steam dragons (D:8)
  2 water moccasins (D:6)
  2 black bears
  An ogre (D:5)
  5 centaurs
  2 lemures (D:6)
  3 bullfrogs
  2 kobold brigands
  A gnoll sergeant (D:8)
  5 scorpions
  4 wights (D:7)
  6 hounds
  4 orc priests
  2 jellies
  A sleepcap (D:6)
  A scorpion zombie (D:3)
  7 iguanas
  3 orc wizards
  2 hound skeletons (D:3)
  A howler monkey skeleton (D:3)
  8 gnolls
  16 adders
  A shadow imp (D:5)
  3 white imps
  An ufetubus (D:5)
  2 worms
  A dart slug (D:1)
  12 orcs
  5 bats
  8 endoplasms
  2 giant cockroaches
  7 goblins
  13 hobgoblins
  3 jackals (D:4)
  16 kobolds
  6 quokkas
  5 ball pythons
  A ball python skeleton (D:3)
  6 frilled lizards
  3 rats
177 creatures vanquished.

Notes
Turn   | Place    | Note
-------+----------+-------------------------------------------
     0 | D:1      | freelancePsychic the Octopode Shapeshifter began the quest
                  | for the Orb.
     0 | D:1      | Reached XP level 1. HP: 14/14 MP: 1/1
   103 | D:1      | Reached skill level 1 in Stealth
   144 | D:1      | Reached XP level 2. HP: 19/19 MP: 2/2
   327 | D:1      | Reached skill level 2 in Stealth
   404 | D:1      | Reached XP level 3. HP: 15/25 MP: 3/3
   856 | D:2      | Reached skill level 3 in Stealth
  1257 | D:2      | Reached XP level 4. HP: 30/30 MP: 4/4
  1511 | D:3      | Found a snail-covered altar of Cheibriados.
  1514 | D:3      | Found a glowing silver altar of Zin.
  1627 | D:3      | Reached skill level 1 in Short Blades
  1627 | D:3      | Reached skill level 4 in Stealth
  1712 | D:3      | Reached XP level 5. HP: 36/36 MP: 5/5
  1909 | D:3      | Found a faded altar of an unknown god.
  2172 | D:3      | Reached skill level 5 in Stealth
  2310 | D:3      | Noticed Sigmund
  2551 | D:4      | Reached XP level 6. HP: 41/42 MP: 6/6
  2715 | D:4      | Found a bloodstained altar of Trog.
  2738 | D:4      | Reached skill level 6 in Stealth
  2962 | D:4      | Reached XP level 7. HP: 47/47 MP: 7/7
  3120 | D:4      | Noticed Grinder
  3124 | D:4      | Killed Grinder
  3125 | D:4      | Reached skill level 7 in Stealth
  3209 | D:4      | Found Yqitzic's Fire Supplies.
  3354 | D:4      | Found a staircase to the Ecumenical Temple.
  3437 | Temple   | Entered the Ecumenical Temple
  3446 | Temple   | Became a worshipper of Gozag Ym Sagoz the Greedy
  3669 | D:5      | Entered Level 5 of the Dungeon
  3761 | D:5      | Identified the +3 kite shield of Hedging {rPois SInv}
  3820 | D:5      | Reached skill level 8 in Stealth
  3820 | D:5      | Reached XP level 8. HP: 6/54 MP: 8/8
  4936 | D:6      | Reached skill level 9 in Stealth
  5028 | D:6      | Reached skill level 5 in Fighting
  5029 | D:6      | Reached skill level 5 in Shapeshifting
  5133 | D:6      | Noticed Pikel
  5190 | D:6      | Killed Pikel
  5191 | D:6      | Reached skill level 10 in Stealth
  5191 | D:6      | Reached XP level 9. HP: 45/62 MP: 9/9
  5321 | D:6      | Reached skill level 5 in Short Blades
  6131 | D:7      | Found a radiant altar of Vehumet.
  6449 | D:7      | Found an ancient bone altar of Kikubaaqudgha.
  6739 | D:7      | Bought 2 smoky coppery potions for 41 gold pieces
  6739 | D:7      | Bought a smoky purple potion for 20 gold pieces
  6739 | D:7      | Bought an orange potion for 20 gold pieces
  7090 | D:8      | Reached XP level 10. HP: 36/69 MP: 10/10
  7604 | D:8      | HP: 1/71 [centaur/arrow (11)]
  7604 | D:8      | Shot with an arrow by a centaur

Illustrated notes

Levels and vault maps discovered:
D:1:      minmay_arrival_stone_box, layout_basic
D:2:      layout_basic, chequers_serial_rivers_micro_a, minmay_surrounded
D:3:      layout_basic, nicolae_overflow_squiral,
          shapermc_ecumenical_altar_mp_highgroup, serial_undead,
          serial_undead_b, serial_undead_b, serial_undead_c, serial_undead_b,
          uniq_sigmund
D:4:      minmay_wonky_spiral, layout_basic, bloody_trog,
          minmay_temple_entry_tees, serial_co_window_serial, co_window_corner_a,
          co_window_of_opportunity_a, co_window_corner_a,
          co_window_of_opportunity_a, co_window_paths_a, co_window_paths_b,
          co_window_paths_a, co_window_paths_b, co_window_of_opportunity_a,
          co_window_broadway_b, co_window_broadway_b,
          co_window_of_opportunity_b, co_window_of_opportunity_b,
          co_window_corner_b, co_window_of_opportunity_b, glass_columns_a,
          glass_columns_b, glass_columns_a, glass_columns_b,
          nicolae_shop_fire_sale [nicolae_sub_dead_trees], chequers_avenue,
          uniq_grinder
D:5:      layout_gridville
D:6:      kennysheep_six_static_rooms, layout_basic, uniq_pikel
D:7:      layout_basic, mainiacjoe_overflow_alcove_2, mainiacjoe_overflow_paths
D:8:      layout_rooms, centaur_isle
Temple:   sentei_temple_godly_chess

Skill      XL: |  1  2  3  4  5  6  7  8  9 10 |
---------------+-------------------------------+-----
Stealth        | 1 2 3 4 5 6 8 10 | 10.0
Short Blades   | 1 2 3 4 6 |  6.0
Fighting       | 3 4 5 6 7 |  7.2
Shapeshifting  | 4 5 6 |  6.8
Dodging        | 3 4 |  4.2
Ranged Weapons | |  0.2
Unarmed Combat | |  2.1

Action                     |  1- 3 |  4- 6 |  7- 9 | 10-12 || total
---------------------------+-------+-------+-------+-------++-------
  Melee: Unarmed           |    47 |       |       |       ||    47
         Constrict         |    24 |    21 |    47 |     1 ||    93
         Tentacles         |    15 |    16 |    61 |     4 ||    96
         Punch             |     1 |     2 |     6 |       ||     9
         Dagger            |    17 |    78 |   208 |    12 ||   315
   Fire: Sling             |       |    38 |       |       ||    38
  Throw: Dart              |       |       |    18 |       ||    18
 Invoke: Call Merchant     |       |       |     1 |       ||     1
    Use: Scroll            |       |     5 |     9 |     1 ||    15
   Stab: Sleeping          |    11 |     5 |    18 |     2 ||    36
         Distracted        |       |       |     2 |     1 ||     3
 Armour: Skin              |     8 |    16 |    31 |     3 ||    58
  Dodge: Dodged            |    24 |    59 |   108 |    15 ||   206
  Block: Other             |     3 |     8 |    32 |     6 ||    49
         Reflection        |       |       |     1 |     4 ||     5

Table legend: (Time is in decaauts)
 A = Elapsed time spent in this place.
 B = Non-inter-level travel time spent in this place.
 C = Inter-level travel time spent in this place.
 D = Time resting spent in this place.
 E = Time spent auto-exploring this place.
 F = Levels seen in this place.
 G = Mean time per level.
                   A        B        C        D        E       F      G
               +--------+--------+--------+--------+--------+-----+--------+
         Total |   7558 |   7130 |    428 |    213 |   5557 |   9 |  839.8 |
       Dungeon |   7541 |   7120 |    421 |    213 |   5557 |   8 |  942.6 |
        Temple |     16 |     10 |      6 |      0 |      0 |   1 |   16.0 |
               +--------+--------+--------+--------+--------+-----+--------+

Top non-repeatable levels by time:
     D:6: 1263 daAuts
     D:4: 1105 daAuts
     D:3: 1048 daAuts
     D:7: 996 daAuts
     D:5: 868 daAuts
     D:1: 790 daAuts
     D:8: 756 daAuts
     D:2: 710 daAuts
  Temple: 16 daAuts
